 Dungeon Crawl Stone Soup version 0.26-a0-1181-gd376ed14c5 (webtiles) character file.

Game seed: 18314535988620323342

57331 HoaS the Brawler (level 14, 0/122 HPs)
             Began as a Ghoul Gladiator on Dec 26, 2020.
             Was the Champion of Makhleb.
             Slain by an eight-headed hydra (3 damage)
             ... summoned by a boggart
             ... while petrified by a basilisk
             ... on level 6 of the Lair of Beasts.
             The game lasted 00:38:13 (14439 turns).

HoaS the Brawler (Ghoul Gladiator)                 Turns: 14439, Time: 00:38:14

Health: 0/122      AC: 26    Str: 26    XL:     14   Next: 85%
Magic:  13/13      EV:  2    Int:  3    God:    Makhleb [******]
Gold:   3872       SH:  0    Dex: 13    Spells: 13/13 levels left

rFire    . . .     SeeInvis .     - Unarmed
rCold    + . .     Faith    .   (no shield)
rNeg     + + +     Spirit   .   D - +0 plate armour
rPois    ∞         Reflect  .   b - +2 helmet
rElec    .         Harm     .   v - +1 cloak
rCorr    +         Rampage  .   p - +3 pair of gauntlets of War {Slay+5}
Will     +....                  B - +1 pair of boots {Fly}
Stlth    ..........             N - amulet "Muboacod" {Acrobat Str+3 Dex+3}
HPRegen  0.00/turn              k - +4 ring of evasion
MPRegen  0.13/turn              q - ring of resist corrosion

@: petrified, flying
A: claws 1, cold resistance 1, negative energy resistance 3, inhibited
regeneration, torment resistance, unbreathing
a: Stop Flying, Renounce Religion, Minor Destruction, Lesser Servant of Makhleb,
Major Destruction, Greater Servant of Makhleb


You were on level 6 of the Lair of Beasts.
You worshipped Makhleb.
Makhleb was exalted by your worship.
You visited 3 branches of the dungeon, and saw 18 of its levels.
You also visited: Bailey, Ice Cave and Volcano.

You collected 3872 gold pieces.

Inventory:

Missiles
 c - 5 throwing nets (quivered)
 e - 47 poisoned darts
 f - 4 curare-tipped darts
 z - 30 boomerangs
 C - 3 silver boomerangs
 E - 8 javelins
Armour
 b - a +2 helmet (worn)
 p - the +3 pair of gauntlets of War (worn) {Slay+5}
   (You found it on level 5 of the Dungeon)

   It affects your accuracy and damage with ranged weapons and melee attacks
   (+5).
 v - a +1 cloak (worn)
 B - a +1 pair of boots of flying (worn)
 D - a +0 plate armour (worn)
Jewellery
 a - an uncursed ring of ice
 d - an uncursed ring of fire
 k - a +4 ring of evasion (left hand)
 q - a ring of resist corrosion (right hand)
 M - an uncursed ring of ice
 N - the amulet "Muboacod" (around neck) {Acrobat Str+3 Dex+3}
   (You found it in an ice cave)

   [amulet of the acrobat]

   It helps you evade while moving and waiting.
   It affects your strength (+3).
   It affects your dexterity (+3).
 O - an uncursed ring of see invisible
Wands
 n - a wand of random effects (16)
 s - a wand of acid (3)
 u - a wand of flame (24)
 w - a wand of enslavement (13)
 x - a wand of paralysis (8)
 H - a wand of iceblast (4)
 L - a wand of disintegration (10)
Scrolls
 g - 10 scrolls of teleportation
 i - 5 scrolls of identify
 j - 5 scrolls of remove curse
 o - 5 scrolls of fog
 y - 5 scrolls of magic mapping
 F - a scroll of blinking
 G - 2 scrolls of fear
Potions
 h - 10 potions of curing
 l - 10 potions of might
 m - 3 potions of ambrosia
 r - 3 potions of heal wounds
 t - 3 potions of haste
 A - a potion of resistance
 I - a potion of attraction
 J - a potion of cancellation
 K - a potion of flight


   Skills:
 + Level 10.9 Fighting
 - Level 1.7 Throwing
 + Level 9.0 Armour
 + Level 9.5 Dodging
 * Level 19.7 Unarmed Combat


You had 13 spell levels left.
You didn't know any spells.
Your spell library contained the following spells:

 Spells                   Type           Power        Failure   Level
 Corona                   Hex            0%           99%         1
 Freeze                   Ice            0%           99%         1
 Sandblast                Erth           0%           99%         1
 Sting                    Tmut/Pois      0%           99%         1
 Ensorcelled Hibernation  Hex/Ice        0%           100%        2
 Passwall                 Tmut/Erth      0%           100%        2
 Poisonous Vapours        Pois/Air       0%           100%        2
 Confusing Touch          Hex            0%           100%        3
 Dazzling Flash           Conj/Hex       0%           100%        3
 Frozen Ramparts          Ice            0%           100%        3
 Ignite Poison            Fire/Tmut/Pois 0%           100%        3
 Mephitic Cloud           Conj/Pois/Air  0%           100%        3
 Ozocubu's Armour         Ice            0%           100%        3
 Stone Arrow              Conj/Erth      0%           100%        3
 Tukima's Dance           Hex            0%           100%        3
 Hailstorm                Conj/Ice       0%           100%        4
 Olgreb's Toxic Radiance  Pois           0%           100%        4
 Petrify                  Tmut/Erth      0%           100%        4
 Summon Ice Beast         Ice/Summ       0%           100%        4
 Bolt of Magma            Conj/Fire/Erth 0%           100%        5
 Iskenderun's Battlesphe  Conj           0%           100%        5
 Lee's Rapid Deconstruct  Erth           0%           100%        5
 Iron Shot                Conj/Erth      0%           100%        6
 Orb of Destruction       Conj           0%           100%        7
 Spellforged Servitor     Conj/Summ      0%           100%        7


Dungeon Overview and Level Annotations

Branches:
Dungeon (11/15)            Temple (1/1) D:5            Lair (6/6) D:11
 Shoals (0/4) Lair:4       Spider (0/4) Lair:3        Slime (0/5) Lair:5
    Orc (0/2) D:11         Bailey (visited)           IceCv (visited)
Volcano (visited)

Altars:
Ashenzari
Cheibriados
Dithmenos
Elyvilon
Fedhas
Gozag
Hepliaklqana
Kikubaaqudgha
Makhleb
Nemelex Xobeh
Okawaru
Qazlal
Ru
Sif Muna
Trog
Uskayaw
Vehumet
Wu Jian
Xom
Yredelemnul
Zin
The Shining One
Jiyva

Shops:
D:6 !   D:8 (

Annotations:
Lair:4 2 transporters, loralnil's ghost, journeyman GnTm
Lair:5 1 runed translucent door


Innate Abilities, Weirdness & Mutations

You thrive by killing the living.
You are immune to poison.
You have sharp fingernails.
Your flesh is cold resistant. (rC+)
You are immune to negative energy. (rN+++)
You do not regenerate when monsters are visible.
You are immune to unholy pain and torment.
You can survive without breathing.


Message History

The eight-headed hydra barely misses you.
The eight-headed hydra bites you but does no damage. x2
The eight-headed hydra bites you.
The eight-headed hydra bites you but does no damage. x3
The boulder beetle bites you but does no damage.
The hornet stings you but does no damage.
The wolf bites you but does no damage. x2; The wolf bites you!
* * * LOW HITPOINT WARNING * * *
The cane toad stings you!
* * * LOW HITPOINT WARNING * * *
The wolf bites you but does no damage.
The hornet stings you but does no damage.
The spriggan rider hits you but does no damage.
The eight-headed hydra barely misses you.
The eight-headed hydra bites you but does no damage.
The eight-headed hydra bites you.
* * * LOW HITPOINT WARNING * * *
The eight-headed hydra bites you but does no damage.
The eight-headed hydra bites you.
You die...

..........(
#...........
#...........
#...........
#...........
###...........
#.....$.......
#hFD.........
#P@yh........
#hhB§........
♣hii.<.......
♣.h♣♣♣.......
♣...h♣ ♣♣♣....
♣...♣♣ ♣♣♣.
...♣ ♣..


You could see a boulder beetle (summoned), an eight-headed hydra (summoned), a
spriggan rider, a cane toad (summoned), a hornet, a spriggan and 7 wolves.

Vanquished Creatures
  An orc warlord (Bailey)
  A fire dragon (Volcano)
  Harold (D:6)
  A rakshasa (D:11)
  2 ice dragons (IceCv)
  3 hydras
  Erolcha (D:11)
  A catoblepas (Lair:4)
  A tengu warrior (D:11)
  2 two-headed ogres
  6 death yaks (Lair:6)
  Pikel (D:5)
  A wolf spider (Lair:3)
  An oklob plant (Lair:1)
  5 elephants (Lair:5)
  Psyche (D:9)
  5 black mambas
  2 ice statues (IceCv)
  8 cane toads
  2 molten gargoyles (Volcano)
  2 rime drakes (IceCv)
  12 komodo dragons
  2 demonic crawlers (Lair:4)
  2 polar bears (Lair:6)
  2 trolls
  Prince Ribbit (D:5)
  A snapping turtle (Lair:4)
  20 blink frogs
  Sigmund (D:6)
  A wraith (D:11)
  48 yaks
  4 basilisks
  7 fire bats (Volcano)
  3 swamp worms (Lair:4)
  13 water moccasins
  2 hell hounds (Volcano)
  A sky beast (D:8)
  16 ice beasts
  4 black bears
  14 orc warriors
  4 phantoms
  8 ogres
  9 wolves
  A boggart (Lair:6)
  9 centaurs
  A lemure (D:5)
  4 big kobolds
  10 bullfrogs
  3 gnoll sergeants (D:11)
  A wyvern zombie (D:6)
  A scorpion (D:5)
  6 killer bees
  3 wights (D:10)
  5 howler monkeys
  2 electric eels (Lair:4)
  4 lava snakes (Volcano)
  A bullfrog zombie (D:6)
  4 hounds
  8 orc wizards
  13 orc priests
  Crazy Yiuf (D:7)
  2 bullfrog skeletons (D:5)
  An iguana (D:7)
  8 worker ants
  11 hell rats
  A hound zombie (D:5)
  A mummy (D:5)
  A howler monkey zombie (D:10)
  2 worker ant zombies
  8 gnolls
  11 adders
  3 shadow imps
  2 ufetubi
  An ooze (D:1)
  An adder zombie (D:5)
  3 worms
  A dart slug (D:3)
  8 leopard geckos
  59 orcs
  6 giant cockroaches
  12 goblins
  16 hobgoblins
  11 jackals
  28 kobolds
  5 quokkas
  2 ball pythons
  10 bats
  A frilled lizard (D:4)
  A jackal skeleton (D:5)
  4 kobold zombies (D:5)
  A quokka skeleton (D:5)
  7 rats
  A fungus (Lair:6)
529 creatures vanquished.

Vanquished Creatures (others)
  A hell hog (Volcano)
  An orc (D:10)
  16 fungi
  20 plants
38 creatures vanquished.

Grand Total: 567 creatures vanquished

Notes
Turn   | Place    | Note
-------+----------+-------------------------------------------
     0 | D:1      | HoaS the Ghoul Gladiator began the quest for the Orb.
     0 | D:1      | Reached XP level 1. HP: 17/17 MP: 0/0
    86 | D:1      | Reached XP level 2. HP: 24/24 MP: 1/1
   109 | D:1      | Reached skill level 4 in Unarmed Combat
   247 | D:1      | Reached XP level 3. HP: 24/29 MP: 2/2
   832 | D:2      | Reached skill level 5 in Unarmed Combat
   893 | D:2      | Found a faded altar of an unknown god.
   985 | D:2      | Noticed a phantom
  1009 | D:2      | Killed a phantom
  1010 | D:2      | Reached skill level 6 in Unarmed Combat
  1010 | D:2      | Reached XP level 4. HP: 16/36 MP: 3/3
  1010 | D:2      | Reached XP level 5. HP: 18/41 MP: 4/4
  1756 | D:3      | Reached skill level 7 in Unarmed Combat
  1957 | D:3      | Reached XP level 6. HP: 43/48 MP: 5/5
  2374 | D:3      | Found a hide-covered altar of Uskayaw.
  2815 | D:4      | Noticed a phantom
  2828 | D:4      | Reached skill level 8 in Unarmed Combat
  2857 | D:4      | Killed a phantom
  2858 | D:4      | Reached XP level 7. HP: 18/55 MP: 4/6
  3126 | D:3      | Reached skill level 9 in Unarmed Combat
  3399 | D:5      | Entered Level 5 of the Dungeon
  3485 | D:5      | Found a staircase to the Ecumenical Temple.
  3496 | Temple   | Entered the Ecumenical Temple
  3631 | Temple   | Became a worshipper of Makhleb the Destroyer
  3648 | D:5      | Reached skill level 10 in Unarmed Combat
  3680 | D:5      | Reached XP level 8. HP: 57/61 MP: 5/7
  3774 | D:5      | Identified a scroll of acquirement
  3774 | D:5      | Acquired 880 gold pieces
  3809 | D:5      | Noticed Prince Ribbit
  3821 | D:5      | Killed Prince Ribbit
  3887 | D:5      | Found the +3 pair of gauntlets of War {Slay+5}
  3908 | D:5      | Reached skill level 11 in Unarmed Combat
  4176 | D:5      | Noticed Pikel
  4193 | D:5      | Killed Pikel
  4194 | D:5      | Reached skill level 12 in Unarmed Combat
  4194 | D:5      | Reached skill level 1 in Armour
  4194 | D:5      | Reached XP level 9. HP: 68/68 MP: 6/8
  4374 | D:6      | Found Hyunosch's Distillery.
  4381 | D:6      | Reached * piety under Makhleb
  4411 | D:6      | Noticed Sigmund
  4421 | D:6      | Killed Sigmund
  4908 | D:7      | Noticed Harold
  4932 | D:6      | Killed Harold
  4933 | D:6      | Reached skill level 13 in Unarmed Combat
  4933 | D:6      | Reached XP level 10. HP: 79/80 MP: 7/9
  4951 | D:7      | Reached skill level 5 in Fighting
  4975 | D:6      | Reached ** piety under Makhleb
  5187 | D:7      | Found a runed translucent door.
  5188 | D:7      | Noticed Crazy Yiuf
  5313 | D:7      | Found a shimmering altar of Xom.
  5340 | D:7      | Found an opulent altar of Gozag.
  5508 | D:7      | Found a flagged portal.
  5515 | Bailey   | Entered a bailey
  5537 | Bailey   | Noticed an orc warlord
  5689 | Bailey   | Found a runed translucent gate.
  5691 | Bailey   | Found a runed translucent gate.
  5693 | Bailey   | Found a runed translucent gate.
  5877 | Bailey   | Killed an orc warlord
  5878 | Bailey   | Reached skill level 5 in Dodging
  6020 | D:7      | Acquired 817 gold pieces
  6113 | D:7      | Killed Crazy Yiuf
  6161 | D:8      | Reached skill level 16 in Unarmed Combat
  6161 | D:8      | Reached XP level 11. HP: 89/89 MP: 10/10
  6188 | D:8      | Reached *** piety under Makhleb
  6236 | D:8      | Found a sparkling altar of Nemelex Xobeh.
  6253 | D:8      | Found Orphir's Weapon Shoppe.
  6336 | D:8      | Found a radiant altar of Vehumet.
  6781 | D:9      | Noticed a two-headed ogre
  6791 | D:9      | Killed a two-headed ogre
  6870 | D:9      | Reached XP level 12. HP: 97/97 MP: 9/11
  6875 | D:9      | Reached **** piety under Makhleb
  6947 | D:9      | Found a snail-covered altar of Cheibriados.
  6971 | D:9      | Noticed Psyche
  6980 | D:9      | Killed Psyche
  6981 | D:9      | Reached skill level 5 in Armour
  7160 | D:9      | Found a broken altar of Ashenzari.
  7189 | D:10     | Entered Level 10 of the Dungeon
  7333 | D:10     | Reached skill level 17 in Unarmed Combat
  7637 | D:10     | Reached ***** piety under Makhleb
  7849 | D:11     | Noticed a two-headed ogre
  7857 | D:11     | Killed a two-headed ogre
  7895 | D:11     | Found a staircase to the Lair.
  7936 | D:11     | Found a staircase to the Orcish Mines.
  8269 | D:11     | Noticed Erolcha
  8276 | D:11     | Killed Erolcha
  8517 | D:11     | Noticed a tengu warrior
  8518 | D:11     | Noticed a rakshasa
  8529 | D:11     | Killed a tengu warrior
  8546 | D:11     | Killed a rakshasa
  8665 | Lair:1   | Entered Level 1 of the Lair of Beasts
  8721 | Lair:1   | Reached XP level 13. HP: 107/107 MP: 10/12
  8899 | Lair:1   | Reached skill level 18 in Unarmed Combat
  9191 | Lair:1   | Found a basalt altar of Yredelemnul.
  9658 | Lair:2   | Found a frozen archway.
  9710 | IceCv    | Entered an ice cave
  9898 | IceCv    | Noticed an ice dragon
  9898 | IceCv    | Noticed an ice dragon
  9907 | IceCv    | Killed an ice dragon
  9913 | IceCv    | Killed an ice dragon
  9945 | IceCv    | Got a glittering graven amulet
 10114 | IceCv    | Identified the amulet "Muboacod" {Acrobat Str+3 Dex+3} (You
                  | found it in an ice cave)
 10490 | Lair:2   | Reached ****** piety under Makhleb
 10567 | Lair:2   | Found a shadowy altar of Dithmenos.
 11078 | Lair:3   | You are sucked into a shaft and drop 3 floors!
 11078 | Lair:6   | Entered Level 6 of the Lair of Beasts
 11245 | Lair:5   | Reached XP level 14. HP: 119/119 MP: 13/13
 11273 | Lair:5   | Found a runed translucent door.
 11275 | Lair:5   | Found a viscous altar of Jiyva.
 11277 | Lair:5   | Found a staircase to the Slime Pits.
 11295 | Lair:5   | Reached skill level 10 in Fighting
 11299 | Lair:5   | Reached skill level 19 in Unarmed Combat
 11348 | Lair:5   | Found a dark tunnel.
 11368 | Volcano  | Entered a volcano
 11657 | Volcano  | Found a burning altar of Makhleb.
 12086 | Lair:4   | Found a transporter.
 12086 | Lair:4   | Found a transporter.
 12086 | Lair:4   | Noticed loralnil's ghost (journeyman GnTm)
 12326 | Lair:3   | Found a hole to the Spider Nest.
 13127 | Lair:4   | Found a staircase to the Shoals.
 14439 | Lair:6   | HP: 6/122 [cane toad[a boggart] (5)]
 14439 | Lair:6   | Slain by an eight-headed hydra

Illustrated notes

Levels and vault maps discovered:
D:1:      co_arrival_random_square_maze, layout_loops_ring
D:2:      layout_loops_ring, chequers_ecumenical_altar_simple_redux
D:3:      layout_basic, nicolae_overflow_crystal_walls
D:4:      layout_cave_pools
D:5:      layout_loops_ring, minmay_temple_entry_mini_moons,
          minmay_mini_ossuary, uniq_prince_ribbit1, uniq_pikel
D:6:      layout_basic, serial_shops, shop_fountains, grunt_ministairs_14,
          uniq_sigmund
D:7:      layout_cave_pools, nicolae_gozag_cash_rules_everything_around_me,
          kennysheep_little_box, enter_bailey_3, uniq_harold,
          uniq_crazy_yiuf_cottage
D:8:      layout_rooms, kennysheep_mini_moat, basic_altar, serial_shops,
          shop_statue
D:9:      layout_roguey [special_room_orc], slow_altar_1,
          lemuel_coloured_pillars_altar, ebering_dispersal_statue_hall,
          uniq_psyche
D:10:     layout_cave_pools, hangedman_decor_growths
D:11:     layout_roguey, lair_entry_dummy,
          kennysheep_orc_monster_closet_entryway, uniq_erolcha
Temple:   nicolae_temple_elliptical
Lair:1:   layout_regular_city, lemuel_oklob_altar, grunt_megastairs_2
Lair:2:   layout_hall_layers, portal_ice_cave_entry_pillars_1, basic_altar
Lair:3:   layout_chaotic_city, spider_nest_entry_rubble
Lair:4:   layout_cave_shapes, minmay_shoals_entry_hut, gammafunk_ghost_hive,
          worms_lemuel, grunt_megastairs_4, serial_bayou_shore_b,
          infiniplex_staircase_pool_2
Lair:5:   layout_small_grid, slime_altar_2, lightli_volcano_entry_magma_tube
Lair:6:   minmay_lair_end_enchanted_forest, layout_regular_city,
          lemuel_fruit_tree

Skill      XL: |  1  2  3  4  5  6  7  8  9 10 11 12 13 14 |
---------------+-------------------------------------------+-----
Unarmed Combat | 4 6 7 8 10 12 13 16 17 18 19 | 19.7
Armour         | 1 3 4 6 7 9 |  9.0
Dodging        | 3 4 5 7 8 9 |  9.5
Fighting       | 4 6 8 9 10 | 10.9
Throwing       | |  1.7

Action                   |  1- 3 |  4- 6 |  7- 9 | 10-12 | 13-15 || total
-------------------------+-------+-------+-------+-------+-------++-------
Melee: Unarmed           |   148 |   152 |   213 |   485 |   646 ||  1644
       Punch             |     3 |     3 |     8 |    24 |    86 ||   124
Throw: Boomerang         |       |       |       |    15 |       ||    15
       Throwing net      |       |       |       |     9 |       ||     9
Evoke: Wand              |       |       |       |     8 |       ||     8
  Use: Scroll            |     3 |     4 |     6 |    13 |     9 ||    35
       Potion            |       |       |       |     2 |     1 ||     3
 Stab: Held in net/web   |       |       |       |     4 |       ||     4
Armor: Ring mail         |    53 |    14 |       |       |       ||    67
       Leather armour    |     8 |       |       |       |       ||     8
       Scale mail        |       |    30 |    24 |       |       ||    54
       Chain mail        |       |       |    92 |    94 |       ||   186
       Plate armour      |       |       |       |   224 |   329 ||   553
       Ice dragon scales |       |       |       |       |    76 ||    76
Dodge: Dodged            |    87 |    79 |   109 |   227 |   400 ||   902

Table legend: (Time is in decaauts)
 A = Elapsed time spent in this place.
 B = Non-inter-level travel time spent in this place.
 C = Inter-level travel time spent in this place.
 D = Time resting spent in this place.
 E = Time spent auto-exploring this place.
 F = Levels seen in this place.
 G = Mean time per level.
                   A        B        C        D        E       F      G
               +--------+--------+--------+--------+--------+-----+--------+
         Total |  14015 |  13367 |    648 |   1125 |   8949 |  21 |  667.4 |
       Dungeon |   7834 |   7476 |    358 |    577 |   5091 |  11 |  712.2 |
        Temple |    146 |    118 |     28 |      0 |    116 |   1 |  146.0 |
          Lair |   4519 |   4257 |    262 |    356 |   3062 |   6 |  753.2 |
        Bailey |    497 |    497 |      0 |     68 |    109 |   1 |  497.0 |
      Ice Cave |    399 |    399 |      0 |     61 |    206 |   1 |  399.0 |
       Volcano |    618 |    618 |      0 |     63 |    364 |   1 |  618.0 |
               +--------+--------+--------+--------+--------+-----+--------+

Top non-repeatable levels by time:
     D:3: 1037 daAuts
  Lair:4: 991 daAuts
  Lair:2: 985 daAuts
  Lair:1: 890 daAuts
     D:2: 865 daAuts
     D:1: 793 daAuts
     D:5: 785 daAuts
    D:11: 785 daAuts
  Lair:5: 763 daAuts
     D:9: 762 daAuts
     D:7: 751 daAuts
  Lair:3: 709 daAuts
     D:4: 667 daAuts
 Volcano: 618 daAuts
     D:6: 517 daAuts
